 Dungeon Crawl Stone Soup version 0.30-a0-359-gd0147acb1a (console) character file.

Game seed: 1295217693884348706

13 petzl the Sneak (level 2, -3/24 HPs)
             Began as a Formicid Delver on Nov 13, 2022.
             Killed from afar by a white imp (13 damage)
             ... with a puff of frost
             ... on level 8 of the Dungeon.
             The game lasted 00:08:01 (1029 turns).

petzl the Sneak (Formicid Delver)                   Turns: 1029, Time: 00:08:01

Health: -3/24      AC:  3    Str: 16    XL:     2   Next: 50%
Magic:  3/3        EV: 12    Int:  9    God:
Gold:   135        SH:  0    Dex: 15    Spells: 3/3 levels left

rFire   . . .      SeeInvis +    a - +0 trident (flame)
rCold   . . .      Faith    .    (no shield)
rNeg    . . .      Spirit   .    b - +0 leather armour
rPois   .          Reflect  .    (helmet unavailable)
rElec   .          Harm     .    (no cloak)
rCorr   .          Rampage  .    (no gloves)
Will    .....                    (no boots)
Stlth   +++.......               (no amulet)
HPRegen 0.24/turn                (no ring)
MPRegen 0.08/turn                (no ring)

@: no status effects
A: permanent stasis, dig shafts and tunnels, antennae 3, four strong arms
a: Dig, Shaft Self


You were on level 8 of the Dungeon.
You visited 1 branch of the dungeon, and saw 6 of its levels.

You collected 135 gold pieces.

Inventory:

Hand Weapons
 a - a +0 trident of flaming (weapon)
Armour
 b - a +0 leather armour (worn)
 h - an orb of light
Wands
 f - a wand of digging (3)
Scrolls
 c - a scroll of fog
 d - a scroll of magic mapping
 e - a scroll of fear
 g - a scroll of poison {unknown}
 i - a scroll of blinking {unknown}
 j - 2 scrolls of identify {unknown}
 k - a scroll of teleportation {unknown}
 m - a scroll of acquirement {unknown}
Potions
 l - a potion of attraction {unknown}


   Skills:
 + Level 3.4 Fighting
 - Level 2.0 Maces & Flails
 + Level 0.7 Armour
 + Level 2.0 Dodging
 - Level 6.0 Stealth
 * Level 1.1 Spellcasting


You had 3 spell levels left.
You didn't know any spells.
Your spell library was empty.

Dungeon Overview and Level Annotations

Branches:
Dungeon (10/15)
 Temple: D:4-7         Lair: D:8-11         Orc: D:9-12

Altars:
Sif Muna

Annotations:
D:8 exclusions: 2 bullfrogs and wyvern
D:9 exclusions: downstairs, hornet, orc and orc warrior


Innate Abilities, Weirdness & Mutations

You cannot be hasted, slowed, berserked, paralysed or teleported.
You can dig through walls and to a lower floor.
You have a pair of large antennae on your head. (SInv)
Your four strong arms can wield two-handed weapons with a shield.


Message History

Press: ? - help, . - travel You can't see that place. [the floor.] Placed new exclusion.
Unknown command.
You see here a +0 dire flail.
You sense a monster nearby.
A bullfrog comes into view.
Press: ? - help, . - travel You can't see that place. [the floor.] Placed new exclusion.
Unknown command.
You see here 3 stones.
A white imp comes into view.
The white imp shouts!
The white imp lashes its tail.
Reach: a) +0 trident (flame)
Press: ? - help, Dir - move target, f - white imp
Aim: a white imp (about 43% to evade your +0 trident of flaming)
You reach to attack!
You hit the white imp. You burn the white imp.
The white imp is severely wounded.
You closely miss the white imp.
The white imp is severely wounded.
The white imp barely misses you.
You barely miss the white imp.
The white imp is severely wounded.
The white imp barely misses you. The white imp hits you.
The white imp freezes you.
You hit the white imp but do no damage.
The white imp is severely wounded.
The white imp hits you. The white imp freezes you.
You closely miss the white imp.
The white imp is severely wounded.
The white imp hits you. The white imp freezes you.
You hit the white imp but do no damage.
The white imp is severely wounded.
The white imp gestures at you. The puff of frost hits you!
Ouch! That really hurt!
You die...

#####.### #.......# #.......#
#.......# #....~~.# #.....~.#
.# #.......# .# #.......# .#
#####.### .# l..... #######.#
.# ..... ........### .## ....##
..........##########..#.).....#
.........................>....#
...............######.##... ..#
###.#####.####....... .F..# #.#
#.#................ ....# #.# #
#.....................# #.#
#.......5.............# #.#
#.......@......... ..# #)#
#.....~~..#......####.# #.#
#....~~...#####.......###.#
#...........(.#.#......##.#
#.............#.#......##.#
#......................<#.#
##.......####..##........#
#.......# #..##...[....#
#.......# #..##........#
#........ #..##.......>#
....... #..########### #.##
#..# ..... ........ ..F#......~
.# ......≈~≈{ { .#...#..~≈≈ .
#..... ...~~~ ~..


You could see a white imp.

Vanquished Creatures
  An adder (D:6)
  2 orcs
3 creatures vanquished.

Notes
Turn   | Place    | Note
-------+----------+-------------------------------------------
     0 | D:5      | petzl the Formicid Delver began the quest for the Orb.
     0 | D:5      | Reached XP level 1. HP: 18/18 MP: 1/1
    17 | D:5      | Noticed a hound
    23 | D:5      | You fall into a shaft and drop 2 floors!
    68 | D:7      | Noticed a centaur
   366 | D:8      | Noticed a bullfrog
   417 | D:6      | Found a shimmering blue altar of Sif Muna.
   438 | D:6      | Reached XP level 2. HP: 24/24 MP: 1/3
   585 | D:6      | Noticed a howler monkey
   594 | D:6      | You fall into a shaft and drop 2 floors!
   710 | D:8      | Reached skill level 1 in Spellcasting
   743 | D:9      | Noticed a hornet
   862 | D:9      | Noticed an orc warrior
   876 | D:10     | Entered Level 10 of the Dungeon
   876 | D:10     | Noticed a wraith
   877 | D:10     | Noticed an orc warrior
   985 | D:8      | Noticed a wyvern
  1007 | D:8      | Noticed a bullfrog
  1029 | D:8      | Killed from afar by a white imp

Illustrated notes

Levels and vault maps discovered:
D:5:      layout_basic, kennysheep_mini_moat, uniq_ijyb, uniq_edmund,
          uniq_menkaure
D:6:      layout_loops_ring, nemelex_spade_bored_becter,
          mainiacjoe_overflow_small_starburst, nicolae_titane
D:7:      layout_gridville
D:8:      layout_basic, elyvilon_altar_1, dpeg_lair_monsters,
          nicolae_ossuary_entry_catacombs, minmay_misc_feat_pillars
D:9:      cheibrodos_grave_circle, layout_basic, tgw_kikubaaqudgha, david_orc_3,
          serial_shops, shop, hex_large, uniq_psyche
D:10:     layout_big_octagon, tso_metal_star, mainiacjoe_overflow_brackets,
          nicolae_overflow_crystal_walls, enter_trove_6

Skill      XL: |  1  2 |
---------------+-------+-----
Dodging        | 2 |  2.0
Spellcasting   | 1 |  1.1
Fighting       | |  3.4
Maces & Flails | |  2.0
Armour         | |  0.7
Stealth        | |  6.0

Action                   || total
-------------------------++-------
Melee: Trident           ||    14
 Abil: Shaft Self        ||     2
 Stab: Sleeping          ||     1
Armor: Leather armour    ||     2
Dodge: Dodged            ||     7

Table legend: (Time is in decaauts)
 A = Elapsed time spent in this place.
 B = Non-inter-level travel time spent in this place.
 C = Inter-level travel time spent in this place.
 D = Time resting spent in this place.
 E = Time spent auto-exploring this place.
 F = Levels seen in this place.
 G = Mean time per level.
                   A        B        C        D        E       F      G
               +--------+--------+--------+--------+--------+-----+--------+
         Total |   1034 |    935 |     99 |     50 |     73 |   6 |  172.3 |
       Dungeon |   1034 |    935 |     99 |     50 |     73 |   6 |  172.3 |
               +--------+--------+--------+--------+--------+-----+--------+

Top non-repeatable levels by time:
     D:8: 311 daAuts
     D:7: 279 daAuts
     D:9: 237 daAuts
     D:5: 114 daAuts
     D:6: 88 daAuts
    D:10: 1 daAuts
